 Dungeon Crawl Stone Soup version 0.20.0-15-g7f486f2 (webtiles) character file.

215 straycat the Sneak (level 5, -6/41 HPs)
             Began as a Vampire Fighter on June 13, 2017.
             Killed from afar by Sigmund (11 damage)
             ... with a magic dart
             ... on level 3 of the Dungeon.
             The game lasted 00:08:03 (2668 turns).

straycat the Sneak (Vampire Fighter)                Turns: 2668, Time: 00:08:04

Health: -6/41      AC:  8    Str: 16    XL:     5   Next: 60%
Magic:  5/5        EV:  9    Int: 11    God:
Gold:   91         SH:  9    Dex: 16    Spells: 4/4 levels left

rFire    . . .     SeeInvis +   a - +0 rapier
rCold    . . .     Gourm    .   c - +0 shield
rNeg     + . .     Faith    .   b - +0 scale mail
rPois    .         Spirit   .   n - +0 helmet
rElec    .         Reflect  .   (no cloak)
rCorr    .         Harm     .   (no gloves)
MR       .....                  u - +0 pair of boots
Stlth    ++........             (no amulet)
Regen    0.2/turn               o - +3 ring of dexterity
MPRegen  0.1/turn               (no ring)

@: lethally poisoned (-6 -> -7)
A: fangs 3, see invisible, unbreathing
a: Bat Form


You were on level 3 of the Dungeon.
You were not thirsty.

You visited 1 branch of the dungeon, and saw 3 of its levels.

You collected 91 gold pieces.

Inventory:

Hand Weapons
 a - a +0 rapier (weapon)
Missiles
 f - 214 stones (quivered)
 v - 16 sling bullets
 w - 21 arrows
 B - 27 bolts
 C - 3 javelins
 E - 2 poisoned needles
Armour
 b - a +0 scale mail (worn)
 c - a +0 shield (worn)
 n - a +0 helmet (worn)
 u - a +0 pair of boots (worn)
 z - a +0 plate armour
Jewellery
 o - a +3 ring of dexterity (left hand)
Scrolls
 h - a scroll of fear {unknown}
 k - 5 scrolls of teleportation {unknown}
 m - a scroll of amnesia {unknown}
 p - a scroll of immolation {unknown}
 q - a scroll of enchant armour {unknown}
 r - 6 scrolls of identify {unknown}
 y - a scroll of remove curse {unknown}
 A - a scroll of magic mapping {unknown}
Potions
 d - 2 potions of berserk rage {unknown}
 e - 19 potions of blood
 g - a potion of haste {unknown}
 i - a potion of degeneration {unknown}
 j - 4 potions of curing {unknown}
 l - a potion of lignification {unknown}
 s - a potion of flight {unknown}
 t - a potion of brilliance {unknown}
 x - 2 potions of mutation {unknown}
 D - a potion of heal wounds {unknown}


   Skills:
 + Level 3.3 Fighting
 - Level 2.1 Short Blades
 - Level 2.4 Armour
 * Level 4.0 Dodging
 + Level 5.1 Stealth
 - Level 2.6 Shields


You had 4 spell levels left.
You didn't know any spells.

Dungeon Overview and Level Annotations

Branches:
Dungeon (3/15)

Altars:

Annotations:
D:3 Sigmund


Innate Abilities, Weirdness & Mutations

You have razor-sharp teeth.
You have supernaturally acute eyesight. (SInv)
You can survive without breathing.


Message History

Items here: $ ( ))) / You catch the helpless Sigmund completely off-guard!
You puncture Sigmund!
Sigmund is moderately wounded.
Sigmund closely misses you.
Okay, then.
You hit Sigmund.
Sigmund is heavily wounded.
You feel sick. Sigmund gestures at you while chanting. The magic dart hits you!
* * * LOW HITPOINT WARNING * * *
You closely miss Sigmund. You bite Sigmund, but do no damage.
Sigmund is heavily wounded.
Sigmund barely misses you.
You hit Sigmund.
Sigmund is heavily wounded.
Sigmund casts a spell at you. The magic dart hits you!
You die...

# #....# ######..#
###.###....# #........
.....##...# #.####..#
..........+ #..#
###..##...# #..#
......#...# #.). # .#
#..##.(.# #..#
....##..##(..##### #..#
........@@......... #..#
##..##..##...##########..#
.......................#
#..##..#....[รท.....###.)#
#. #..#..#.)...........# #
#.##..##.#####.###..#
......##.# #.###..#
.........# #......#
#.##...... #.......


You could see Sigmund.

Vanquished Creatures
  A howler monkey (D:3)
  An orc priest (D:3)
  7 adders
  A worm (D:2)
  4 dart slugs (D:2)
  A leopard gecko (D:1)
  9 orcs (D:3)
  4 bats
  8 goblins
  9 hobgoblins
  6 jackals
  A quokka (D:2)
  2 ball pythons
  4 frilled lizards
  7 kobolds
  2 rats (D:2)
67 creatures vanquished.

Notes
Turn   | Place    | Note
-------+----------+-------------------------------------------
     0 | D:1      | straycat the Vampire Fighter began the quest for the Orb.
     0 | D:1      | Reached XP level 1. HP: 17/17 MP: 1/1
   570 | D:1      | Reached XP level 2. HP: 21/24 MP: 2/2
   571 | D:1      | Reached skill level 1 in Stealth
   575 | D:1      | Reached skill level 1 in Dodging
  1097 | D:2      | Reached XP level 3. HP: 5/29 MP: 3/3
  1493 | D:2      | Reached skill level 2 in Stealth
  1523 | D:2      | Reached skill level 3 in Stealth
  1797 | D:2      | Reached XP level 4. HP: 32/35 MP: 4/4
  2396 | D:3      | Reached skill level 4 in Stealth
  2492 | D:3      | Reached XP level 5. HP: 11/41 MP: 5/5
  2628 | D:3      | Reached skill level 5 in Stealth
  2660 | D:3      | Noticed Sigmund
  2668 | D:3      | Killed from afar by Sigmund

Skill      XL: |  1  2  3  4  5 |
---------------+----------------+-----
Fighting       | 3 |  3.3
Stealth        | 1 3 4 5 |  5.1
Dodging        | 2 3 4 |  4.0
Short Blades   | |  2.1
Armour         | |  2.4
Shields        | |  2.6

Action                   |  1- 3 |  4- 6 || total
-------------------------+-------+-------++-------
Melee: Rapier            |   118 |   127 ||   245
       Bite              |    11 |     7 ||    18
  Use: Potion            |     2 |     3 ||     5
 Stab: Sleeping          |       |     1 ||     1
       Distracted        |       |     1 ||     1
  Eat: Corpse            |     2 |     1 ||     3
Armor: Scale mail        |    49 |    57 ||   106
Dodge: Dodged            |    49 |    32 ||    81
Block: Shield            |    72 |    67 ||   139
